 Dungeon Sprint DCSS version 0.28-a0-1510-gd0f6b136d3 (webtiles) character file.

Game seed: 13111441468063444582

24402 mhtbhm the Severer (level 12, -11/187 HPs)
             Began as a Minotaur Fighter on Jan 15, 2022.
             Was the Champion of Qazlal.
             Mangled by Ignacio (15 damage)
             ... in the Dungeon (Sprint VII: "The Pits").
             The game lasted 00:07:00 (3786 turns).

mhtbhm the Severer (Minotaur Fighter)               Turns: 3786, Time: 00:07:01

Health: -11/187    AC: 20    Str: 32    XL:     12   Next: 80%
Magic:  23/23      EV: 15    Int:  5    God:    Qazlal [******]
Gold:   67         SH: 16    Dex: 13    Spells: 11/11 levels left

rFire   . . .      SeeInvis +   a - +1 broad axe (vorpal)
rCold   . . .      Faith    .   c - +0 buckler
rNeg    . . .      Spirit   .   b - +4 chain mail
rPois   +          Reflect  .   (helmet restricted)
rElec   .          Harm     .   (no cloak)
rCorr   .          Rampage  .   (no gloves)
Will    .....      NoTele   +   (no boots)
Stlth   ..........              (no amulet)
HPRegen 0.41/turn               A - ring of Doubts {*Corrode rPois Str+6 Dex+3 SInv}
MPRegen 0.18/turn               p - +3 ring of evasion

@: mighty, berserking, protected from physical damage, repel missiles, very
quick
A: horns 2, retaliatory headbutt
a: Renounce Religion, Upheaval, Elemental Force, Disaster Area


You were in the Dungeon.
You worshipped Qazlal.
Qazlal was exalted by your worship.
You visited 1 branch You collected 67 gold pieces.

Inventory:

Hand Weapons
 a - a +1 vorpal broad axe (weapon)
 z - a +1 double sword of holy wrath
Missiles
 C - a boomerang of dispersal (quivered)
 D - 2 javelins
Armour
 b - a +4 chain mail (worn)
 c - a +0 buckler (worn)
Jewellery
 p - a +3 ring of evasion (right hand)
 w - a ring of protection from cold
 y - a ring of see invisible
 A - the ring of Doubts (left hand) {*Corrode rPois Str+6 Dex+3 SInv}
   (You found it in the Dungeon)

   [ring of strength]

   Str:       It affects your strength (+6).
   Dex:       It affects your dexterity (+3).
   rPois:     It protects you from poison.
   SInv:      It lets you see invisible.
   *Corrode:  It may corrode you when you take damage.
 B - a ring of resist corrosion
Scrolls
 l - 5 scrolls of amnesia
 m - a scroll of summoning
 q - 8 scrolls of enchant weapon
 r - a scroll of identify
 s - a scroll of fear
 t - 4 scrolls of enchant armour
 v - a scroll of brand weapon
 x - a scroll of magic mapping
Potions
 d - a potion of might
 e - 13 potions of curing
 f - 4 potions of heal wounds
 g - 2 potions of haste
 h - 4 potions of magic
 i - 3 potions of berserk rage
 k - 2 potions of invisibility
 n - a potion of cancellation {unknown}
 u - a potion of mutation
Miscellaneous
 o - a box of beasts
 E - a tin of tremorstones (2/2)


   Skills:
 + Level 17.0 Fighting
 + Level 20.1 Axes
 + Level 15.3 Armour
 + Level 7.0 Dodging
 + Level 0.6 Stealth
 + Level 18.1 Shields
 * Level 16.2 Invocations


You had 11 spell levels left.
You didn't know any spells.
Your spell library contained the following spells:

 Spells                   Type           Power      Damage    Failure   Level
 Gell's Gravitas          Tloc           0%         N/A       99%         3
 Lesser Beckoning         Tloc           0%         N/A       99%         3
 Summon Guardian Golem    Hex/Summ       0%         N/A       99%         3
 Teleport Other           Tloc           0%         N/A       99%         3
 Summon Lightning Spire   Summ/Air       0%         N/A       100%        4
 Orb of Destruction       Conj           0%         9d5       100%        7
 Spellforged Servitor     Conj/Summ      0%         N/A       100%        7
 Storm Form               Tmut/Air       0%         N/A       100%        7
 Maxwell's Capacitive Co  Air            0%         ∞         100%        8


Dungeon Overview and Level Annotations

Branches:
Dungeon (1/1)

Altars:
Ashenzari
Cheibriados
Dithmenos
Elyvilon
Fedhas
Gozag
Hepliaklqana
Kikubaaqudgha
Makhleb
Nemelex Xobeh
Okawaru
Qazlal
Ru
Sif Muna
Trog
Uskayaw
Vehumet
Wu Jian
Xom
Yredelemnul
Zin
The Shining One
Beogh
Jiyva
Lugonu

Annotations:
D Ignacio


Innate Abilities, Weirdness & Mutations

You have a pair of horns on your head.
You reflexively headbutt those who attack you in melee.


Message History

You feel much better. Ignacio completely misses you. You furiously retaliate!
You headbutt Ignacio! You block Ignacio's attack.
Ignacio hits you with a +4 executioner's axe of pain!
You writhe in agony!
Ignacio misses you.
A red film seems to cover your vision as you go berserk!
You feel yourself moving faster!
You feel mighty! You block Ignacio's attack.
Ignacio hits you but does no damage.
You writhe in agony!
Ignacio closely misses you. Ignacio hits you but does no damage.
You writhe in agony!
* * * LOW HITPOINT WARNING * * *
Ignacio hits you with a +4 executioner's axe of pain.
* * * LOW HITPOINT WARNING * * *
You writhe in agony.
* * * LOW HITPOINT WARNING * * *
Ignacio completely misses you.
Ignacio hits you with a +4 executioner's axe of pain.
* * * LOW HITPOINT WARNING * * *
You writhe in agony.
* * * LOW HITPOINT WARNING * * *
Ignacio hits you but does no damage. You block Ignacio's attack.
Ignacio hits you with a +4 executioner's axe of pain.
* * * LOW HITPOINT WARNING * * *
You feel more protected from physical attacks.
You writhe in agony.
* * * LOW HITPOINT WARNING * * *
Ignacio hits you but does no damage.
You writhe in agony!
* * * LOW HITPOINT WARNING * * *
Ignacio hits you but does no damage.
You writhe in agony!
* * * LOW HITPOINT WARNING * * *
You slice Ignacio!!
Ignacio is lightly wounded.
You block Ignacio's attack. x4
Unknown command.
You cut Ignacio into ribbons!!! Your headbutt misses Ignacio.
Ignacio is moderately wounded.
Ignacio hits you with a +4 executioner's axe of pain!
* * * LOW HITPOINT WARNING * * *
You feel more protected from physical attacks.
You writhe in agony!
You die...

#+# #.# #'#
##############################'#
..............○§@1§......).1..§#
................°..........))..#
#############++##############..#
#..# #..# #..# #..# #..# #..#


You could see Ignacio (fast).

Vanquished Creatures
  A sphinx (D)
  A merfolk javelineer (D)
  A great orb of eyes (D)
  An ice dragon (D)
  A merfolk aquamancer (D)
  A merfolk avatar (D)
  A death knight (D)
  2 death yaks (D)
  A spriggan berserker (D)
  2 sun demons (D)
  A shadow wraith (D)
  A sea snake (D)
  A swamp dragon (D)
  A deep troll (D)
  2 flayed ghosts (D)
  A deep elf zephyrmancer (D)
  An orc knight (D)
  A phantasmal warrior (D)
  A wolf spider (D)
  A cyclops (D)
  A guardian serpent (D)
  A cane toad (D)
  A gargoyle (D)
  An orange demon (D)
  A guardian mummy (D)
  3 ice devils (D)
  2 komodo dragons (D)
  A freezing wraith (D)
  3 efreet (D)
  A kobold demonologist (D)
  A red devil (D)
  3 merfolk (D)
  A hellwing (D)
  A wind drake (D)
  2 trolls (D)
  3 blink frogs (D)
  A jumping spider (D)
  Sigmund (D)
  A ynoxinul (D)
  A spriggan (D)
  3 wraiths (D)
  8 yaks (D)
  2 water elementals (D)
  A wyvern (D)
  A basilisk (D)
  A steam dragon (D)
  6 vampire mosquitoes (D)
  A warg (D)
  Menkaure (D)
  An acid dragon (D)
  A large abomination (D)
  3 floating eyes (D)
  2 ice beasts (D)
  Duvessa (D)
  2 orc warriors (D)
  An ogre (D)
  A sky beast (D)
  A small abomination (D)
  A phantom (D)
  2 kobold brigands (D)
  A bullfrog (D)
  Dowan (D)
  4 killer bees (D)
  A crimson imp (D)
  A jelly (D)
  2 orc priests (D)
  A gnoll shaman (D)
  4 orc wizards (D)
  An iguana (D)
  5 gnolls (D)
  3 adders (D)
  A river rat (D)
  A white imp (D)
  An ufetubus (D)
  An adder simulacrum (D)
  8 orcs (D)
  A bat (D)
  2 goblins (D)
  4 jackals (D)
  3 ball pythons (D)
  2 ball python simulacra (D)
  A giant cockroach simulacrum (D)
  A quokka zombie (D)
  A rat (D)
144 creatures vanquished.

Vanquished Creatures (others)
  A kobold (D)
1 creature vanquished.

Grand Total: 145 creatures vanquished

Notes
Turn   | Place    | Note
-------+----------+-------------------------------------------
     0 | D        | mhtbhm the Minotaur Fighter began the quest for the Orb.
     0 | D        | Reached XP level 1. HP: 19/19 MP: 0/0
    15 | D        | Reached XP level 2. HP: 28/28 MP: 1/1
    19 | D        | Found a bloodstained altar of Trog.
    19 | D        | Found a shimmering blue altar of Sif Muna.
    19 | D        | Found a viscous altar of Jiyva.
    19 | D        | Found a hazy altar of Hepliaklqana.
    19 | D        | Found an opulent altar of Gozag.
    20 | D        | Found a glowing golden altar of the Shining One.
    20 | D        | Found a glowing silver altar of Zin.
    20 | D        | Found a basalt altar of Yredelemnul.
    20 | D        | Found a shimmering altar of Xom.
    20 | D        | Found an ornate altar of the Wu Jian Council.
    20 | D        | Found a sacrificial altar of Ru.
    20 | D        | Found a stormy altar of Qazlal.
    20 | D        | Found an iron altar of Okawaru.
    20 | D        | Found a sparkling altar of Nemelex Xobeh.
    20 | D        | Found a burning altar of Makhleb.
    20 | D        | Found a blossoming altar of Fedhas.
    20 | D        | Found a white marble altar of Elyvilon.
    20 | D        | Found a shadowy altar of Dithmenos.
    20 | D        | Found a snail-covered altar of Cheibriados.
    22 | D        | Found a radiant altar of Vehumet.
    22 | D        | Found a corrupted altar of Lugonu.
    23 | D        | Found a hide-covered altar of Uskayaw.
    23 | D        | Found an ancient bone altar of Kikubaaqudgha.
    23 | D        | Found a broken altar of Ashenzari.
    27 | D        | Became a worshipper of Qazlal Stormbringer
    78 | D        | Reached skill level 5 in Fighting
    78 | D        | Reached skill level 3 in Axes
    78 | D        | Reached skill level 5 in Armour
    78 | D        | Reached skill level 5 in Shields
    78 | D        | Reached skill level 1 in Invocations
   206 | D        | Noticed a floating eye
   207 | D        | Paralysed by a floating eye for 3 turns
   213 | D        | Reached * piety under Qazlal
   214 | D        | Reached XP level 3. HP: 27/36 MP: 1/3
   216 | D        | Killed a floating eye
   217 | D        | Reached skill level 4 in Axes
   217 | D        | Reached skill level 1 in Dodging
   217 | D        | Reached XP level 4. HP: 34/45 MP: 1/5
   291 | D        | Reached ** piety under Qazlal
   293 | D        | Reached XP level 5. HP: 50/51 MP: 6/6
   457 | D        | Noticed Dowan
   457 | D        | Noticed Duvessa
   465 | D        | Reached *** piety under Qazlal
   476 | D        | Noticed an ogre
   483 | D        | Killed Duvessa
   483 | D        | Reached **** piety under Qazlal
   484 | D        | Reached skill level 5 in Axes
   484 | D        | Reached XP level 6. HP: 36/61 MP: 8/8
   492 | D        | Reached skill level 6 in Axes
   492 | D        | Reached skill level 5 in Invocations
   498 | D        | Killed Dowan
   534 | D        | Reached ***** piety under Qazlal
   535 | D        | Reached skill level 7 in Axes
   693 | D        | Noticed a deep troll
   708 | D        | HP: 3/63 [deep troll (12)]
   710 | D        | Killed a deep troll
   711 | D        | Reached skill level 9 in Axes
   711 | D        | Reached skill level 10 in Armour
   711 | D        | Reached skill level 10 in Shields
   711 | D        | Reached XP level 7. HP: 23/71 MP: 9/11
   711 | D        | Reached XP level 8. HP: 25/79 MP: 9/12
   943 | D        | Noticed Menkaure
   943 | D        | Noticed Sigmund
   947 | D        | Killed Sigmund
   948 | D        | Reached skill level 10 in Fighting
   951 | D        | Killed Menkaure
   952 | D        | Reached skill level 10 in Axes
  1120 | D        | Noticed a kobold demonologist
  1130 | D        | Killed a kobold demonologist
  1270 | D        | Reached ****** piety under Qazlal
  1271 | D        | Reached skill level 11 in Axes
  1276 | D        | Noticed a blink frog
  1278 | D        | Noticed a blink frog
  1279 | D        | Noticed a blink frog
  1285 | D        | Killed a blink frog
  1285 | D        | Killed a blink frog
  1286 | D        | Reached XP level 9. HP: 84/86 MP: 14/14
  1301 | D        | Reached skill level 12 in Axes
  1383 | D        | Noticed a komodo dragon
  1388 | D        | Killed a komodo dragon
  1409 | D        | Noticed a komodo dragon
  1409 | D        | Noticed a great orb of eyes
  1422 | D        | Killed a komodo dragon
  1423 | D        | Reached skill level 13 in Axes
  1423 | D        | Reached skill level 10 in Invocations
  1429 | D        | Killed a great orb of eyes
  1430 | D        | Reached XP level 10. HP: 59/97 MP: 16/16
  1452 | D        | Noticed a flayed ghost
  1459 | D        | Reached skill level 14 in Axes
  1468 | D        | Killed a flayed ghost
  1473 | D        | Noticed a sun demon
  1489 | D        | Killed a sun demon
  1490 | D        | Reached skill level 15 in Axes
  1490 | D        | Reached skill level 5 in Dodging
  1948 | D        | Noticed a cyclops
  1952 | D        | Noticed a death yak
  1960 | D        | Noticed a death yak
  1967 | D        | Noticed a wolf spider
  1968 | D        | Killed a death yak
  1969 | D        | Reached skill level 16 in Axes
  1972 | D        | Killed a cyclops
  1976 | D        | Killed a death yak
  1977 | D        | Reached XP level 11. HP: 62/107 MP: 17/19
  1981 | D        | Killed a wolf spider
  1988 | D        | Reached skill level 17 in Axes
  1989 | D        | Reached skill level 15 in Shields
  2282 | D        | Killed a shadow wraith
  2503 | D        | Noticed a swamp dragon
  2508 | D        | Killed a swamp dragon
  2509 | D        | Reached skill level 18 in Axes
  2523 | D        | Noticed a phantasmal warrior
  2531 | D        | Killed a phantasmal warrior
  2532 | D        | Reached skill level 15 in Fighting
  2544 | D        | Noticed a spriggan berserker
  2545 | D        | Noticed a death yak
  2555 | D        | Killed a spriggan berserker
  3130 | D        | Noticed a merfolk aquamancer
  3130 | D        | Noticed a merfolk javelineer
  3132 | D        | Killed a merfolk javelineer
  3133 | D        | Reached skill level 19 in Axes
  3133 | D        | Reached XP level 12. HP: 114/122 MP: 4/21
  3133 | D        | Killed a merfolk aquamancer
  3139 | D        | Got the ring of Doubts {*Corrode rPois Str+6 Dex+3 SInv}
  3245 | D        | Noticed a merfolk avatar
  3246 | D        | Noticed an ice dragon
  3253 | D        | Killed an ice dragon
  3253 | D        | Noticed a death knight
  3254 | D        | Killed a merfolk avatar
  3254 | D        | Killed a death knight
  3255 | D        | Reached skill level 15 in Armour
  3259 | D        | Noticed a sphinx
  3260 | D        | Reached skill level 15 in Invocations
  3273 | D        | Killed a sphinx
  3295 | D        | Reached skill level 20 in Axes
  3777 | D        | Noticed Ignacio
  3786 | D        | HP: 4/187 [Ignacio (9)]
  3786 | D        | Mangled by Ignacio

Illustrated notes

Levels and vault maps discovered:
D:        pitsprint [storerooms_1, entrance_room_1, metal_vault_8, armoury_2,
          mini_pit_1, grid_room_1, main_hall_1, silver_pit, the_coven_1,
          the_vestibule_1, steel_vault_2, golden_pit, hallway_of_sentries,
          crystal_vault_1, iron_vault_2, final_vault]

Skill      XL: |  1  2  3  4  5  6  7  8  9 10 11 12 |
---------------+-------------------------------------+-----
Fighting       | 4 5 6 7 9 10 12 13 15 17 | 17.0
Armour         | 4 5 6 8 10 11 12 13 14 15 | 15.3
Shields        | 4 5 6 8 10 12 13 14 16 18 | 18.1
Axes           | 3 4 5 9 11 13 16 19 20 | 20.1
Invocations    | 1 3 4 7 9 10 12 13 16 | 16.2
Dodging        | 1 3 4 5 6 7 |  7.0
Stealth        | |  0.6

Action                   |  1- 3 |  4- 6 |  7- 9 | 10-12 || total
-------------------------+-------+-------+-------+-------++-------
Melee: War axe           |     2 |       |       |       ||     2
       Hand axe          |    20 |    81 |    24 |       ||   125
       Headbutt          |     2 |    16 |    14 |    48 ||    80
       Broad axe         |       |       |    53 |   233 ||   286
Invok: Upheaval          |       |       |       |     2 ||     2
       Disaster Area     |       |       |       |     4 ||     4
  Use: Potion            |       |     3 |       |    11 ||    14
       Scroll            |       |       |       |     2 ||     2
Armor: Scale mail        |    10 |     3 |       |       ||    13
       Chain mail        |       |    38 |    19 |    72 ||   129
Dodge: Dodged            |    11 |    16 |    14 |    59 ||   100
       Repelled          |       |     1 |       |     2 ||     3
Block: Buckler           |     5 |    45 |    42 |   146 ||   238

Table legend: (Time is in decaauts)
 A = Elapsed time spent in this place.
 B = Non-inter-level travel time spent in this place.
 C = Inter-level travel time spent in this place.
 D = Time resting spent in this place.
 E = Time spent auto-exploring this place.
 F = Levels seen in this place.
 G = Mean time per level.
                   A        B        C        D        E       F      G
               +--------+--------+--------+--------+--------+-----+--------+
         Total |   3744 |   3744 |      0 |   2367 |     30 |   1 | 3744.0 |
       Dungeon |   3744 |   3744 |      0 |   2367 |     30 |   1 | 3744.0 |
               +--------+--------+--------+--------+--------+-----+--------+

Top non-repeatable levels by time:
       D: 3744 daAuts
